 Dungeon Crawl Stone Soup version 0.29-a0-284-gf9362112df (webtiles) character file.

Game seed: 3448590889827478845

392 spaghetti the Sneak (level 6, -1/32 HPs)
             Began as a Vampire Earth Elementalist on Mar 22, 2022.
             Was an Initiate of Gozag.
             Slain by an endoplasm (3 damage)
             ... on level 4 of the Dungeon.
             The game lasted 00:09:35 (4369 turns).

spaghetti the Sneak (Vampire Earth Elementalist)    Turns: 4369, Time: 00:09:36

Health: -1/32      AC:  4    Str:  7    XL:     6   Next: 50%
Magic:  7/9        EV: 12    Int: 17    God:    Gozag
Gold:   549        SH:  0    Dex: 17    Spells: 2/9 levels left

rFire   + . .      SeeInvis +   f - +0 dagger {short}
rCold   + + +      Faith    .   (no shield)
rNeg    + + +      Spirit   .   b - +0 robe
rPois   ∞          Reflect  .   p - +0 helmet
rElec   .          Harm     .   g - scarf {rC+ rF+}
rCorr   .          Rampage  .   (no gloves)
Will    .....                   l - +0 pair of boots
Stlth   ++++++....              (no amulet)
HPRegen 0.00/turn               (no ring)
MPRegen 0.11/turn               (no ring)

@: bloodless, inhibited regen
A: bloodless, fangs 3, see invisible, vampiric 2
a: Bat Form, Revivify, Renounce Religion, Potion Petition, Call Merchant, Bribe
Branch


You were on level 4 of the Dungeon.
You worshipped Gozag.
Gozag was pleased with you.
You visited 1 branch of the dungeon, and saw 4 of its levels.

You collected 612 gold pieces.
You spent 63 gold pieces at shops.


Innate Abilities, Weirdness & Mutations

You do not regenerate when monsters are visible.
You are frail without blood (-20% HP).
You can heal yourself when you bite living creatures.
You are immune to poison.
You have razor-sharp teeth.
You have supernaturally acute eyesight. (SInv)
You are afflicted with vampirism and can become a bat while bloodless.


   Skills:
 - Level 2.1 Dodging
 + Level 7.7 Stealth
 - Level 2.0 Spellcasting
 * Level 1.9 Necromancy
 - Level 3.0 Transmutations
 + Level 1.0 Air Magic
 + Level 4.5 Earth Magic


You had 2 spell levels left.
You knew the following spells:

 Your Spells              Type           Power      Damage    Failure   Level
a - Sandblast             Erth           34%        2d9       3%          1
b - Passwall              Tmut/Erth      11%        N/A       6%          2
c - Corpse Rot            Necr/Air       12%        N/A       16%         2
d - Wereblood             Tmut           11%        N/A       9%          2

Your spell library contained the following spells:

 Spells                   Type           Power      Damage    Failure   Level
 Sublimation of Blood     Necr           8%         N/A       13%         2
 Poisonous Vapours        Pois/Air       6%         N/A       24%         2
 Stone Arrow              Conj/Erth      18%        3d8       22%         3
 Petrify                  Tmut/Erth      14%        N/A       38%         4
 Summon Hydra             Summ           0%         N/A       100%        7

Inventory:

Hand Weapons
 f - a +0 dagger (weapon) {short}
   (You found it on level 1 of the Dungeon)
 s - a +0 club {mace}
   (You took it off a kobold on level 2 of the Dungeon)
Missiles
 a - 158 stones {throwing}
 e - 4 curare-tipped darts {=fthrowing}
 v - 2 throwing nets {=f!fthrowing}
 w - 4 poisoned darts {throwing}
 x - 2 javelins {throwing}
Armour
 b - a +0 robe (worn)
 g - a scarf of resistance (worn)
   (You found it on level 1 of the Dungeon)
 l - a +0 pair of boots (worn)
   (You found it on level 1 of the Dungeon)
 p - a +0 helmet (worn)
   (You bought it in a shop on level 2 of the Dungeon)
Jewellery
 z - an amulet of magic regeneration {@e2}
   (You found it on level 4 of the Dungeon)
Wands
 k - a wand of paralysis (11)
   (You found it on level 4 of the Dungeon)
Scrolls
 d - a scroll of holy word {!r}
 h - 3 scrolls of magic mapping {!r}
 i - a scroll of vulnerability {!r!r}
 m - 2 scrolls of blinking {!r}
 q - 2 scrolls of enchant armour
 r - a scroll of immolation {!r!r}
 t - a scroll of fear {unknown}
 y - a scroll of summoning {unknown}
Potions
 c - a potion of magic
 j - a potion of brilliance {unknown}
 n - a potion of degeneration {unknown}
 o - a potion of cancellation {unknown}
 u - a potion of heal wounds {unknown}

Dungeon Overview and Level Annotations

Branches:
Dungeon (4/15)
 Temple: D:4-7

Altars:
Gozag
Hepliaklqana
Okawaru
Xom

Shops:
D:2 *

Annotations:
D:3 1 exclusion

......##.#
#.######
......##.#
#......#
####'###.#
######.# #
#.....#
#.# #
#######
###.# #
#...# #
#.#.# #
#.########
#.@h......
#oJ#######
#os# #.o#
#o.# #..#
#..# #..#
...#


You could see a scorpion, a hound, an orc priest, 3 orcs and an endoplasm.


Message History

Found a stone staircase leading up. 😎 HP[+7]
Your hp is fully restored (32).
You open the door.
There is an open door here.
You open the door.
There is an open door here.
There is an open door here.
There is an open door here.
A jackal comes into view.
A jackal comes into view.
The helpless jackal fails to defend itself.
You bite the jackal, and draw its blood!
You impale the jackal!!
You kill the jackal!
You see here 5 gold pieces.
The helpless jackal fails to defend itself.
You bite the jackal, and draw its blood!
You impale the jackal!!
You kill the jackal!
You now have 537 gold pieces (gained 5).
You now have 544 gold pieces (gained 7).
You open the door.
There is an open door here.
a - 158 stones {throwing} (gained 26)
You see here a +0 short sword {short}.
Key pressed, stopping explore.
You open the door.
There is an open door here.
Key pressed, stopping explore.
A quokka comes into view.
The quokka barely misses you.
You closely miss the quokka. The quokka closely misses you.
You hit the quokka.
The quokka bites you but does no damage.
You hit the quokka.
The quokka bites you but does no damage. x2
You hit the quokka but do no damage. The quokka bites you. 😕 HP[-1]
You take 1 damage, and now have 31/32 hp.
You hit the quokka. The quokka closely misses you.
You hit the quokka. The quokka barely misses you.
You hit the quokka.
You kill the quokka!
You now have 549 gold pieces (gained 5).
An endoplasm, an orc and an orc priest come into view. 😎 HP[+1]
Your hp is fully restored (32).
There are monsters nearby!
A hound and an orc come into view.
An orc comes into view. It is wielding a +0 club.
The orc shouts!
The endoplasm quivers.
The hound barks!
A scorpion comes into view.
The endoplasm freezes you.
You are frozen.
You resist.
The orc priest shouts!
You hit the endoplasm. The hound completely misses you.
The endoplasm freezes you.
You are frozen.
You resist. 😕 HP[-1]
You take 1 damage, and now have 31/32 hp.
Casting: Sandblast (safe; 3% risk of failure)
Confirm with . or Enter, or press ? or * to list all spells.
Aiming: Passwall (safe; 6% risk of failure)
Press: ? - help, Dir - move target A rock wall.
Okay, then.
The hound barely misses you. The hound bites you. 😕 HP[-3]
You take 3 damage, and now have 28/32 hp.
Casting: Passwall (safe; 6% risk of failure)
Confirm with . or Enter, or press ? or * to list all spells.
Aiming: Passwall (safe; 6% risk of failure)
Press: ? - help, Dir - move target A rock wall.
The hound completely misses you. The endoplasm freezes you.
You are frozen.
You resist.
You begin to meditate on the wall.
You continue meditating on the rock.
The hound barely misses you. The endoplasm freezes you.
You are frozen.
You resist. The hound closely misses you.
You continue meditating on the rock.
The hound closely misses you.
The orc priest mumbles some strange prayers to Beogh against you.
Beogh smites you!
Ouch! That really hurt!
* * * LOW HITPOINT WARNING * * *
The orc hits you with a +0 mace.
* * * LOW HITPOINT WARNING * * *
The endoplasm hits you but does no damage.
You continue meditating on the rock.
The hound bites you.
* * * LOW HITPOINT WARNING * * *
The orc priest looks satisfied for a moment.
The orc misses you. The endoplasm hits you.
You die...
Your body crumbles into a pile of gold.

Skill      XL: |  1  2  3  4  5  6 |
---------------+-------------------+-----
Stealth        | 4 5 6 7 |  7.7
Transmutations | 2 3 |  3.0
Earth Magic    | 4 |  4.5
Necromancy     | 1 |  1.9
Air Magic      | 1 |  1.0
Dodging        | |  2.1
Spellcasting   | |  2.0

Action                   |  1- 3 |  4- 6 || total
-------------------------+-------+-------++-------
Melee: Dagger            |    75 |    88 ||   163
       Unarmed           |     4 |       ||     4
       Bite              |     2 |     4 ||     6
       Punch             |     3 |       ||     3
 Cast: Sandblast         |    18 |    36 ||    54
       Passwall          |     3 |    25 ||    28
 Abil: Exsanguinate      |     1 |       ||     1
  Use: Scroll            |       |     6 ||     6
 Stab: Sleeping          |    15 |    18 ||    33
       Distracted        |     2 |     1 ||     3
Armor: Robe              |    13 |    24 ||    37
Dodge: Dodged            |    56 |    83 ||   139

Levels and vault maps discovered:
D:1:      dpeg_arrival_windows_large_door, layout_loops_ring,
          basic_ecumenical_altar, kennysheep_flooded_box
D:2:      layout_loops_ring, serial_shops, nicolae_shop_statue_plus,
          roderic_serpentine_path
D:3:      layout_loops_ring, amcnicky_altar_gilded, grunt_ministairs_9
D:4:      layout_basic, mainiacjoe_overflow_concentric_impassable

Notes
Turn   | Place    | Note
-------+----------+-------------------------------------------
     0 | D:1      | spaghetti the Vampire Earth Elementalist began the quest
                  | for the Orb.
     0 | D:1      | Reached XP level 1. HP: 13/13 MP: 3/3
     0 | D:1      | magus.rc [v1.9.6]
    27 | D:1      | HP: 1/13 [hobgoblin (5)]
    34 | D:1      | HP: 2/13 [hobgoblin (1)]
   108 | D:1      | Reached skill level 4 in Stealth
   187 | D:1      | Reached XP level 2. HP: 19/19 MP: 5/5
   329 | D:1      | Found an iron altar of Okawaru.
   337 | D:1      | Found a faded altar of an unknown god.
   353 | D:1      | Prayed at the altar of an unknown god.
   353 | D:1      | Became a worshipper of Gozag Ym Sagoz the Greedy
   518 | D:1      | Reached skill level 5 in Stealth
  1173 | D:2      | Gained mutation: You are afflicted with vampirism and can
                  | become a bat while bloodless. [Vampire growth]
  1173 | D:2      | Reached XP level 3. HP: 19/19 MP: 6/6
  1176 | D:2      | Learned a level 2 spell: Passwall
  1189 | D:2      | Found Morumik's General Store.
  1198 | D:2      | Bought a +0 helmet for 63 gold pieces
  1384 | D:2      | Reached skill level 6 in Stealth
  1434 | D:2      | Reached XP level 4. HP: 24/24 MP: 1/7
  1735 | D:2      | Noticed an ogre
  1736 | D:2      | Reached skill level 2 in Transmutations
  1751 | D:2      | Killed an ogre
  1752 | D:2      | Reached XP level 5. HP: 28/28 MP: 4/8
  2374 | D:3      | Reached skill level 7 in Stealth
  2374 | D:3      | Reached skill level 3 in Transmutations
  2374 | D:3      | Reached skill level 4 in Earth Magic
  2412 | D:3      | Found a hazy altar of Hepliaklqana.
  2876 | D:4      | Noticed a phantom
  2970 | D:3      | You pick up a book of Vapours and begin reading...
  2970 | D:3      | You add the spells Poisonous Vapours and Corpse Rot to your
                  | library.
  2974 | D:3      | Learned a level 2 spell: Corpse Rot
  3273 | D:4      | Killed a phantom
  3274 | D:4      | Reached skill level 1 in Necromancy
  3274 | D:4      | Reached XP level 6. HP: 32/32 MP: 4/9
  3551 | D:4      | Reached skill level 1 in Air Magic
  3744 | D:4      | Found a shimmering altar of Xom.
  3855 | D:4      | You pick up a book of Blood and begin reading...
  3855 | D:4      | You add the spells Sublimation of Blood, Wereblood and
                  | Summon Hydra to your library.
  3859 | D:4      | Learned a level 2 spell: Wereblood
  4368 | D:4      | HP: 4/32 [orc/+0 mace (6)]
  4369 | D:4      | Slain by an endoplasm

Vanquished Creatures
  An ogre (D:2)
  A phantom (D:4)
  2 hounds
  10 adders
  2 dart slugs
  3 orcs (D:3)
  3 endoplasms
  2 giant cockroaches
  4 goblins
  6 hobgoblins
  4 jackals
  5 kobolds
  5 quokkas
  8 ball pythons
  7 bats
  8 frilled lizards
  8 rats
79 creatures vanquished.

Table legend:
 A = Non-vault XP
 B = Vault XP
 C = Vault XP percentage of total XP
 D = Non-vault monster count
 E = Vault monster count
 F = Vault count percentage of total count
                 A         B        C        D         E       F
            +---------+---------+-------+---------+---------+-------
      Total |     557 |       3 |   0.5 |      77 |       2 |   2.5
            +---------+---------+-------+---------+---------+-------
        D:1 |      36 |       0 |   0.0 |      22 |       0 |   0.0
        D:2 |     224 |       0 |   0.0 |      24 |       0 |   0.0
        D:3 |      86 |       3 |   3.4 |      19 |       2 |   9.5
        D:4 |     211 |       0 |   0.0 |      12 |       0 |   0.0
            +---------+---------+-------+---------+---------+-------

Illustrated notes

Table legend:
 A = Kills in this place as a percentage of kills in entire the game.
 B = Kills by you in this place as a percentage of kills by you in the entire game.
 C = Kills by friends in this place as a percentage of kills by friends in the entire game.
 D = Other kills in this place as a percentage of other kills in the entire game.
 E = Experience gained in this place as a percentage of experience gained in the entire game.
 F = Experience gained in this place divided by the number of levels of this place that you have seen.
                   A       B       C       D       E      F
               +-------+-------+-------+-------+-------+----------------------
         Total | 100.0 | 100.0 |   N/A |   N/A | 100.0 | 140.0
       Dungeon | 100.0 | 100.0 |   N/A |   N/A | 100.0 | 140.0
               +-------+-------+-------+-------+-------+----------------------

Table legend: (Time is in decaauts)
 A = Elapsed time spent in this place.
 B = Non-inter-level travel time spent in this place.
 C = Inter-level travel time spent in this place.
 D = Time resting spent in this place.
 E = Time spent auto-exploring this place.
 F = Levels seen in this place.
 G = Mean time per level.
                   A        B        C        D        E       F      G
               +--------+--------+--------+--------+--------+-----+--------+
         Total |   4369 |   4256 |    113 |    456 |   2852 |   4 | 1092.2 |
       Dungeon |   4369 |   4256 |    113 |    456 |   2852 |   4 | 1092.2 |
               +--------+--------+--------+--------+--------+-----+--------+

Top non-repeatable levels by time:
     D:2: 1243 daAuts
     D:4: 1177 daAuts
     D:3: 991 daAuts
     D:1: 957 daAuts
